 Dungeon Crawl Stone Soup version 0.24.0-1-gfbc8707122 (webtiles) character file.

Game seed: 3045023363529599435, levelgen mode: deterministic

36 Aviak the Charmwright (level 3, 0/22 HPs)
             Began as a Tengu Skald on Oct 28, 2019.
             Succumbed to an adder's poison
             ... on level 2 of the Dungeon.
             The game lasted 00:00:55 (773 turns).

Aviak the Charmwright (Tengu Skald)                  Turns: 773, Time: 00:00:55

Health: 0/22       AC:  3    Str: 11    XL:     3   Next: 37%
Magic:  6/7        EV: 15    Int: 13    God:
Gold:   69         SH:  0    Dex: 14    Spells: 3/6 levels left

rFire    . . .     SeeInvis .   a - +0 spear
rCold    . . .     Gourm    .   (no shield)
rNeg     . . .     Faith    .   b - +0 leather armour
rPois    .         Spirit   .   (helmet restricted)
rElec    .         Reflect  .   (no cloak)
rCorr    .         Harm     .   (no gloves)
MR       .....                  (boots unavailable)
Stlth    +.........             (no amulet)
HPRegen  0.07/turn              (no ring)
MPRegen  0.10/turn              (no ring)

@: lethally poisoned (0 -> -8), flying quickly and evasively, very slightly
contaminated, quick
A: beak, talons 3
a: no special abilities


You were on level 2 of the Dungeon.
You were not hungry.

You visited 1 branch of the dungeon, and saw 2 of its levels.

You collected 69 gold pieces.

Inventory:

Hand Weapons
 a - a +0 spear (weapon)
Armour
 b - a +0 leather armour (worn)
Jewellery
 g - an uncursed amulet of harm {unknown}
Scrolls
 e - a scroll of identify {unknown}
 h - 2 scrolls of remove curse {unknown}
 i - 2 scrolls of fear {unknown}
 m - a scroll of amnesia {unknown}
Potions
 c - a potion of haste {unknown}
 f - 3 potions of flight
 j - 3 potions of lignification {unknown}
 k - a potion of resistance {unknown}
 n - a potion of curing {unknown}
 o - a potion of heal wounds {unknown}
Comestibles
 d - 2 rations
 l - 2 chunks of flesh


   Skills:
 + Level 2.4 Fighting
 + Level 2.7 Polearms
 - Level 1.1 Armour
 + Level 2.7 Dodging
 - Level 2.0 Spellcasting
 + Level 2.7 Charms


You had 3 spell levels left.
You knew the following spells:

 Your Spells              Type           Power        Failure   Level  Hunger
a - Infusion              Chrm           #...         11%         1    ##.....
b - Song of Slaying       Chrm           #.......     16%         2    ###....

Your spell library contained the following spells:

 Spells                   Type           Power        Failure   Level  Hunger
 Shroud of Golubria       Chrm/Tloc      #.....       28%         2    ###....
 Regeneration             Chrm/Necr      #.........   50%         3    ####...
 Spectral Weapon          Hex/Chrm       #.......     50%         3    ####...


Dungeon Overview and Level Annotations

Branches:
Dungeon (2/15)

Altars:


Innate Abilities, Weirdness & Mutations

You have a beak for a mouth.
You have claws for feet.


Message History

The adder is moderately wounded.
The adder closely misses you.
You hit the adder.
The adder is moderately wounded.
The adder bites you.
You are poisoned.
The adder poisons you! The dart slug launches a dart at you.
The slug dart hits you. The adder bites you.
You hit the adder but do no damage. Your kick misses the adder.
The adder is moderately wounded.
You feel sick. The adder bites you.
* * * LOW HITPOINT WARNING * * *
The dart slug launches a dart at you. The slug dart hits you.
* * * LOW HITPOINT WARNING * * *
It was a potion of flight.
You feel very buoyant.
You swoop lightly up into the air.
You die...

.##. #....###
....##......## ##### #
.............#####...###
............#....#.#.##.
..r...........##.#.#....
..........#...##.#.#..#.
.......r#####.##........
....#.#S# #.##........
.. .. #@# #.##........
... #w....#.##.####+#.
... ......#....# .# #.
.....<.###### ### #
######.## .. .# .#


You could see an adder, a dart slug and a rat.

Vanquished Creatures
  An adder (D:2)
  A dart slug (D:1)
  A leopard gecko (D:1)
  A giant cockroach (D:1)
  4 goblins (D:1)
  4 hobgoblins
  2 kobolds (D:1)
  3 bats (D:1)
  2 frilled lizards (D:1)
  6 rats (D:1)
25 creatures vanquished.

Notes
Turn   | Place    | Note
-------+----------+-------------------------------------------
     0 | D:1      | Aviak the Tengu Skald began the quest for the Orb.
     0 | D:1      | Reached XP level 1. HP: 12/12 MP: 4/4
   156 | D:1      | Reached XP level 2. HP: 15/17 MP: 6/6
   177 | D:1      | Learned a level 2 spell: Song of Slaying
   546 | D:1      | Reached XP level 3. HP: 22/22 MP: 7/7
   772 | D:2      | HP: 1/22 [dart slug/slug dart (5)]
   773 | D:2      | Succumbed to an adder's poison

Levels and vault maps discovered:
D:1:      dpeg_arrival_rhombi, layout_basic
D:2:      minmay_spotlight, layout_basic, first_ration, grunt_ministairs_10,
          corexii_hall_statues_deadend

Action                   || total
-------------------------++-------
Melee: Spear             ||    59
       Kick              ||    10
       Peck              ||     1
 Cast: Infusion          ||     2
  Use: Potion            ||     1
 Stab: Sleeping          ||     2
Armor: Leather armour    ||     4
Dodge: Dodged            ||    17
